 Dungeon Crawl Stone Soup version 0.19-a0-347-g6bb00b2 (webtiles) character file.

1549 nubinia the Skirmisher (level 8, -2/67 HPs)
             Began as a Centaur Fighter on May 29, 2016.
             Was a Follower of Ukayaw.
             Slain by an orc warrior
             ... wielding a +0 broad axe
              (11 damage)
             ... in a bailey.
             The game lasted 00:31:10 (6383 turns).

nubinia the Skirmisher (Centaur Fighter)            Turns: 6383, Time: 00:31:11

Health: -2/67      AC: 12    Str: 19    XL:     8   Next: 57%
Magic:  18/18      EV:  7    Int:  7    God:    Ukayaw [*.....]
Gold:   298        SH:  9    Dex: 13    Spells: 0 memorised, 7 levels left

rFire  . . .     SeeInvis .     a - +0 trident
rCold  . . .     Gourm    .     b - +0 scale mail
rNeg   . . .     Faith    .     c - +0 shield
rPois  .         Spirit   .     m - +1 helmet
rElec  .         Dismiss  .     (no cloak)
rCorr  .         Reflect  .     g - +2 pair of gloves
SustAt .         Harm     .     (no barding)
MR     .....                    (no amulet)
Stlth  ..........               l - ring of magical power
                                x - +2 ring of dexterity

@: very quick, not resistant to hostile enchantments, extremely unstealthy
A: hooves 3, deformed body, speed 2, tough skin 3
a: Stomp, Renounce Religion


You were in a bailey.
You worshipped Ukayaw.
Ukayaw was aware of your devotion.
You were hungry.

You visited 1 branch of the dungeon, and saw 8 of its levels.
You also visited: Bailey.

You collected 298 gold pieces.

Inventory:

Hand Weapons
 a - a +0 trident (weapon)
Missiles
 h - 16 tomahawks of returning (quivered)
 o - 140 arrows
Armour
 b - a +0 scale mail (worn)
 c - a +0 shield (worn)
 g - a +2 pair of gloves (worn)
 m - a +1 helmet (worn)
Magical Staves
 A - an uncursed staff of fire
 E - an uncursed staff of conjuration {unknown}
Jewellery
 l - a ring of magical power (right hand)
 x - a +2 ring of dexterity (left hand)
Wands
 B - a wand of iceblast (12/15)
 F - a wand of flame (19/48)
 G - a wand of confusion (15/48)
Scrolls
 e - 6 scrolls of remove curse
 i - a scroll of immolation
 q - a scroll of recharging
 s - 3 scrolls of teleportation
 w - 7 scrolls of identify
 y - a scroll of amnesia
Potions
 d - a potion of might
 k - 3 potions of mutation
 n - 3 potions of curing
 r - 3 potions of agility
 t - a potion of lignification
 z - a potion of ambrosia
 C - a potion of haste {unknown}
Books
 p - a Young Poisoner's Handbook

   Spells                             Type                      Level
   a - Sting                          Conjuration/Poison           1
   b - Cure Poison                    Poison                       2
   c - Mephitic Cloud                 Conjuration/Poison/Air       3
   d - Olgreb's Toxic Radiance        Poison                       4
   e - Venom Bolt                     Conjuration/Poison           5
Comestibles
 f - 4 bread rations
 j - 7 meat rations
 v - 2 slices of pizza


   Skills:
 + Level 4.9 Fighting
 + Level 4.6 Polearms
 + Level 4.4 Armour
 + Level 3.3 Dodging
 + Level 0.2 Stealth
 + Level 4.3 Shields
 * Level 1.9 Invocations


You had 7 spell levels left.
You didn't know any spells.

Dungeon Overview and Level Annotations

Branches:
Dungeon (8/15)
 Temple: D:4-7         Lair: D:8-11

Altars:
Ashenzari
Dithmenos
Gozag
Kikubaaqudgha
Nemelex Xobeh
Pakellas
Ukayaw

Shops:
D:5 (*

Annotations:
D:4 Dowan, Duvessa
D:5 Edmund
D:6 Sigmund


Innate Abilities, Weirdness & Mutations

You have hooves in place of feet.
Armour fits poorly on your strangely shaped body.
You cover ground very quickly.
You have extremely tough skin. (AC +3)


Message History

Aim: an orc warrior, wielding a war axe and wearing a plate armour (severely wounded)
You reach to attack!
You are feeling hungry.
You hit the orc warrior but do no damage.
The orc warrior is severely wounded.
You barely miss the orc warrior.
The orc warrior is severely wounded.
The orc warrior hits you with a war axe.
You closely miss the orc warrior.
You kick the orc warrior, but do no damage.
The orc warrior is severely wounded.
The orc warrior hits you with a war axe!
* * * LOW HITPOINT WARNING * * *
The goblin barely misses you.
You barely miss the orc warrior. Your kick misses the orc warrior.
The orc warrior is severely wounded.
The orc warrior hits you with a war axe.
* * * LOW HITPOINT WARNING * * *
The orc warrior hits you with a broad axe!
You die...

#.###≈≈.......≈≈###.#
#.'.'≈≈.......≈≈'.††#
#.###≈≈.......≈≈###.#
#((.'≈≈....)..≈≈†.'.#
#.###≈≈....)..≈≈###.#
#.'.'≈≈.(..K..≈≈'.'.#
#####≈≈....o..≈≈#####
##≈...goo.≈##
####..@#### #...#
##'''## ##..∩..##
#.......# #...∩...#
##.....## #######


You could see 3 orc warriors, a goblin and a kobold.

Vanquished Creatures
  An ice beast (D:7)
  An ogre (D:5)
  A crocodile (D:7)
  2 giant frogs
  A wyvern zombie (D:8)
  7 killer bees
  2 howler monkeys
  3 crimson imps
  A giant frog zombie (D:5)
  3 hounds
  A giant frog skeleton (D:4)
  A jelly (D:4)
  An orc priest (D:4)
  2 orc wizards (D:3)
  An iguana (D:5)
  Ijyb (D:3)
  2 worker ants
  6 gnolls
  5 adders
  A shadow imp (D:5)
  3 oozes
  An adder skeleton (D:5)
  3 worms
  2 dart slugs (D:1)
  6 giant geckos
  15 orcs
  4 bats
  8 giant cockroaches
  7 goblins
  10 hobgoblins
  13 jackals
  16 kobolds
  2 quokkas
  A giant cockroach zombie (D:5)
  A giant gecko skeleton (D:5)
  7 giant newts
  A jackal skeleton (D:6)
  A quokka skeleton (D:4)
  4 rats
148 creatures vanquished.

Notes
Turn   | Place    | Note
--------------------------------------------------------------
     0 | D:1      | nubinia the Centaur Fighter began the quest for the Orb.
     0 | D:1      | Reached XP level 1. HP: 19/19 MP: 1/1
   128 | D:1      | Reached XP level 2. HP: 26/26 MP: 2/2
   455 | D:1      | Reached XP level 3. HP: 19/31 MP: 3/3
  1908 | D:2      | Reached XP level 4. HP: 38/38 MP: 4/4
  1972 | D:3      | Noticed Ijyb
  1983 | D:3      | Killed Ijyb
  2315 | D:3      | Reached XP level 5. HP: 34/45 MP: 5/5
  2335 | D:3      | Reached skill level 1 in Dodging
  2510 | D:3      | Found an oddly glowing altar of Pakellas.
  3236 | D:4      | Reached XP level 6. HP: 52/52 MP: 6/6
  3919 | D:4      | Noticed Duvessa
  3920 | D:4      | Noticed Dowan
  4170 | D:5      | Entered Level 5 of the Dungeon
  4464 | D:5      | Reached XP level 7. HP: 10/59 MP: 7/7
  4468 | D:5      | Found Weti's Weapon Shop.
  4951 | D:5      | Found an ancient bone altar of Kikubaaqudgha.
  5142 | D:5      | Noticed Edmund
  5227 | D:5      | Found Arid's General Store.
  5243 | D:6      | Found an opulent altar of Gozag.
  5272 | D:6      | Noticed Sigmund
  5634 | D:7      | Found a shadowy altar of Dithmenos.
  5634 | D:7      | Found a hide-covered altar to Ukayaw.
  5637 | D:7      | Became a worshipper of Ukayaw the Reveler
  5721 | D:7      | Reached * piety under Ukayaw
  5726 | D:7      | Reached XP level 8. HP: 55/67 MP: 4/8
  5783 | D:6      | Reached ** piety under Ukayaw
  6078 | D:8      | Reached skill level 1 in Invocations
  6083 | D:8      | Found a sparkling altar of Nemelex Xobeh.
  6145 | D:8      | Found a shattered altar of Ashenzari.
  6199 | D:8      | Found a flagged portal.
  6225 | D:8      | Reached *** piety under Ukayaw
  6227 | D:8      | Reached **** piety under Ukayaw
  6241 | Bailey   | Entered a bailey
  6340 | Bailey   | Found a burning altar of Makhleb.
  6383 | Bailey   | Slain by an orc warrior

Vault maps used:
D:1:      dpeg_arrival_arbitrary_b
D:3:      grunt_pakellas_basics, first_bread, uniq_iyjb
D:4:      kennysheep_potato, uniq_duvessa
D:5:      kiku_gazebo_pond_becter, serial_shops, shop, shop,
          nrook_loot_triangle, uniq_edmund
D:6:      gammafunk_temple_overflow_statue, lemuel_round_altar,
          minmay_temple_entry_glassed_door, hangedman_minor_gate_pass,
          uniq_sigmund
D:7:      gammafunk_temple_overflow_elements
D:8:      lemuel_doored_altar, kennysheep_mini, evilmike_ruin_ashenzari,
          old_standard_altar, enter_bailey_2, uniq_grum
Bailey:   bailey_axe_3, bailey

Skill      XL: |  1  2  3  4  5  6  7  8 |
---------------+-------------------------+-----
Polearms       | 2 3 4 |  4.6
Armour         | 3 4 |  4.4
Dodging        | 1 2 3 |  3.3
Shields        | 3 4 |  4.3
Fighting       | 4 |  4.9
Invocations    | 1 |  1.9
Stealth        | |  0.2

Action                   |  1- 3 |  4- 6 |  7- 9 || total
-------------------------+-------+-------+-------++-------
Melee: Trident           |   158 |   250 |   263 ||   671
       Kick              |    30 |    36 |    54 ||   120
Invok: Stomp             |       |       |     3 ||     3
Evoke: Wand              |       |       |     1 ||     1
  Use: Scroll            |     2 |     7 |     7 ||    16
       Potion            |     1 |       |     7 ||     8
 Stab: Paralysed         |       |       |     1 ||     1
  Eat: Chunk             |     2 |     7 |     6 ||    15
Armor: Scale mail        |    55 |    89 |   149 ||   293
Dodge: Dodged            |    31 |    41 |    90 ||   162
Block: Shield            |    41 |    95 |   151 ||   287
